 Dungeon Crawl Stone Soup version 0.20.1-1-g8b1a95d (webtiles) character file.

18550 letownia2 the Reanimator (level 12, 0/99 HPs)
             Began as a Deep Dwarf Necromancer on Dec 14, 2017.
             Was an Initiate of Gozag.
             Killed from afar by a gargoyle (12 damage)
             ... with a stone arrow
             ... in a volcano.
             The game lasted 00:47:47 (12841 turns).

letownia2 the Reanimator (Deep Dwarf Necromancer)  Turns: 12841, Time: 00:47:48

Health: 0/99       AC: 18    Str: 16    XL:     12   Next: 28%
Magic:  25/25      EV:  7    Int: 22    God:    Gozag
Gold:   1311       SH:  0    Dex: 19    Spells: 17/29 levels left

rFire    + . .     SeeInvis .   a - +2 hand axe (flame)
rCold    . . .     Gourm    .   (no shield)
rNeg     . . .     Faith    .   G - +0 plate armour {rF+}
rPois    .         Spirit   .   L - +0 helmet
rElec    .         Reflect  .   z - +1 cloak {+Inv}
rCorr    .         Harm     .   (no gloves)
MR       ++...                  u - +1 pair of boots (curse)
Stlth    ..........             q - amulet of magic regeneration
Regen    0.0/turn               h - ring of protection from magic
MPRegen  0.3/turn               s - +6 ring of dexterity

@: brilliant, gold aura, flying, very slightly contaminated, non-regenerating,
hasted, invisible, very quick
A: damage resistance, heal wounds, sense surroundings 2, no regeneration
a: Heal Wounds, Potion Petition, Call Merchant, Bribe Branch, Renounce Religion


You were in a volcano.
You worshipped Gozag.
Gozag was most pleased with you.
You were full.

You visited 3 branches of the dungeon, and saw 17 of its levels.
You also visited: Labyrinth and Volcano.

You collected 2937 gold pieces.
You spent 28 gold pieces at shops.
You paid 1598 gold pieces to Gozag.

Inventory:

Hand Weapons
 a - a +2 hand axe of flaming (weapon)
 c - a +0 blowgun
 d - a +0 arbalest of velocity
 n - the +1 dagger of Ses Vuob {venom, *Noise rN+ Stlth+}
   (You found it in a labyrinth)

   It poisons the flesh of those it strikes.
   It protects you from negative energy.
   It may make noises in combat.
   It makes you more stealthy.
 F - the +11 plutonium sword {*Contam Stlth-}
   (You found it on level 10 of the Dungeon)

   It causes magical contamination when unequipped.
   It makes you less stealthy.
 S - a +0 battleaxe
Missiles
 P - 30 poisoned needles
 W - 18 bolts
Armour
 u - a cursed +1 pair of boots (worn)
 z - a +1 cloak of invisibility (worn)
 G - a +0 plate armour of fire resistance (worn)
 H - a +2 cloak of magic resistance
 L - a +0 helmet (worn)
 N - the +3 ring mail "Qufic" {rPois rF- rCorr}
   (You found it in a labyrinth)

   It makes you vulnerable to fire.
   It protects you from poison.
   It protects you from acid and corrosion.
Magical Staves
 b - an uncursed staff of power
Jewellery
 h - a ring of protection from magic (left hand)
 q - an amulet of magic regeneration (around neck)
 s - a +6 ring of dexterity (right hand)
Wands
 x - a wand of enslavement (2/24)
 I - a wand of scattershot (5/9)
 Q - a wand of paralysis (11/24)
 R - a wand of lightning (6/15)
 V - a wand of digging (10/24)
 Z - a wand of flame (17/48)
Scrolls
 e - 3 scrolls of remove curse
 j - 6 scrolls of teleportation
 v - 2 scrolls of blinking
 y - a scroll of fear
 K - 2 scrolls of immolation
 Y - a scroll of silence
Potions
 f - 2 potions of mutation
 l - a potion of flight
 o - a potion of resistance
 p - 2 potions of brilliance
 r - a potion of agility
 t - 6 potions of haste
 A - a potion of lignification
 C - 2 potions of magic {unknown}
 D - 7 potions of curing
 J - 2 potions of heal wounds
 M - a potion of ambrosia
 X - a potion of cancellation {unknown}
Miscellaneous
 k - a fan of gales
Comestibles
 m - 3 meat rations
 O - 9 bread rations


   Skills:
 - Level 3.6 Fighting
 - Level 9.6 Axes
 + Level 6.7 Armour
 - Level 5.0 Dodging
 - Level 2.4 Stealth
 - Level 9.0 Spellcasting
 - Level 13.0 Necromancy
 - Level 6.6 Evocations


You had 17 spell levels left.
You knew the following spells:

 Your Spells              Type           Power        Failure   Level  Hunger
a - Pain                  Necr           ####         1%          1    None
b - Conjure Flame         Conj/Fire      ###.....     58%         3    None
t - Shroud of Golubria    Chrm/Tloc      ###.......   38%         2    None
v - Vampiric Draining     Necr           ######....   1%          3    None
x - Dazzling Spray        Conj/Hex       ###...       58%         3    None


Dungeon Overview and Level Annotations

Branches:
Dungeon (11/15)            Temple (1/1) D:4            Lair (5/6) D:11
  Slime (0/5) Lair:5          Orc (0/2) D:9
  Swamp: Lair:2-4    Shoals: Lair:2-4     Snake: Lair:2-4    Spider: Lair:2-4

Altars:
Ashenzari
Cheibriados
Dithmenos
Elyvilon
Fedhas
Gozag
Hepliaklqana
Kikubaaqudgha
Makhleb
Nemelex Xobeh
Okawaru
Qazlal
Ru
Sif Muna
Trog
Vehumet
Xom
Yredelemnul
Zin
The Shining One

Shops:
D:7 }%   D:8 *   D:9 *   D:11 ?

Annotations:
D:4 soepske's ghost, amateur DsAK


Innate Abilities, Weirdness & Mutations

You are resistant to damage.
You can heal yourself by infusing magical energy.
You passively map the area around you.
You do not regenerate.


Message History

You hit the gargoyle. You burn the gargoyle.
Unknown command.
You hit the gargoyle but do no damage.
The gargoyle is moderately damaged.
You catch the helpless gargoyle completely off-guard!
You hit the gargoyle but do no damage.
The gargoyle hurls a stone arrow at you.
The stone arrow misses you.
The gargoyle hurls a stone arrow past the naga skeleton.
You hit the gargoyle but do no damage.
The gargoyle is moderately damaged.
You hit the gargoyle. You burn the gargoyle.
Unknown command.
You hit the gargoyle but do no damage.
The gargoyle is moderately damaged.
You hit the gargoyle but do no damage.
The gargoyle hurls a stone arrow at you.
The stone arrow hits you!
You die...
Your body crumbles into a pile of gold.

##.. * ####... ,** ##......
*##### * ###....... *, #..⌠..
#####....§.≈.≈
**,+.....##########.#......§≈≈≈≈
* *
#.....'....8...+§...≈.§≈§§§§≈
+..∩..'...Z9.9.+...≈≈≈§≈≈§§≈§
*#.....'....8@$.+≈....≈§≈≈≈§≈≈
#.....##########.#..≈§≈§≈≈≈≈≈
#..⌠.. , ###.≈≈§§≈≈§§§§ #+### $*
##≈§≈≈≈≈§≈§§ * , , * ,, ##§≈≈≈≈
,+ ≈≈≈ ,+, $* #≈≈§≈ * , $ **
*##§≈≈ ≈ * * * + * ≈ ≈


You could see 2 gargoyles and a naga skeleton.

Vanquished Creatures
  A minotaur (Lab)
  An ogre mage (D:11)
  7 two-headed ogres
  Pikel (D:5)
  An ugly thing (D:9)
  Joseph (D:7)
  Maurice (D:8)
  A gargoyle (D:11)
  3 rime drakes
  3 trolls
  4 hippogriffs
  A wraith (D:11)
  Sigmund (D:2)
  A shadow (D:9)
  2 flying skulls (Volcano)
  A yak (D:11)
  A wyvern (Lair:3)
  Duvessa (D:5)
  2 porcupines
  6 water moccasins
  4 black bears
  2 orc warriors
  4 slaves
  A swamp drake (D:9)
  7 ice beasts
  8 sky beasts
  13 centaurs
  8 ogres
  4 wolves
  5 crocodiles
  7 bullfrogs
  3 big kobolds
  2 scorpions
  Dowan (D:5)
  A spriggan skeleton (Volcano)
  A howler monkey (D:4)
  6 crimson imps
  A centaur zombie (D:8)
  A quasit (D:10)
  The ghost of AdmiralAndromeda the Ruffian, a weakling VSTm (D:3)
  6 hounds
  A jelly (D:5)
  6 orc priests
  5 orc wizards
  Jessica (D:3)
  2 gnoll shamans (D:7)
  6 worker ants
  Terence (D:2)
  2 worker ant zombies
  24 gnolls
  2 howler monkey skeletons
  4 adders
  2 shadow imps
  2 oozes
  2 adder skeletons
  2 worms
  3 dart slugs
  5 leopard geckos
  37 orcs
  A ball python (D:3)
  10 bats
  6 giant cockroaches
  10 goblins
  6 hobgoblins
  2 jackals (D:9)
  4 quokkas
  3 frilled lizards
  20 kobolds
  2 leopard gecko skeletons
  A quokka skeleton (D:5)
  9 rats
307 creatures vanquished.

Notes
Turn   | Place    | Note
-------+----------+-------------------------------------------
     0 | D:1      | letownia2 the Deep Dwarf Necromancer began the quest for the Orb.
     0 | D:1      | Reached XP level 1. HP: 15/15 MP: 3/3
    18 | D:2      | Noticed Terence
    64 | D:3      | Noticed AdmiralAndromeda's ghost (weakling VSTm)
   194 | D:3      | Reached XP level 2. HP: 22/22 MP: 0/5
   503 | D:4      | Found a snail-covered altar of Cheibriados.
   503 | D:4      | Found a sacrificial altar of Ru.
   512 | D:4      | Noticed a howler monkey
   532 | D:4      | Found a staircase to the Ecumenical Temple.
   556 | D:4      | Reached skill level 5 in Necromancy
   556 | D:4      | Reached XP level 3. HP: 12/28 MP: 0/7
   611 | Temple   | Entered the Ecumenical Temple
   661 | D:4      | Learned a level 3 spell: Vampiric Draining
   812 | D:2      | Noticed Sigmund
   904 | D:3      | Noticed Jessica
   915 | D:3      | Killed Jessica
   915 | D:3      | Reached XP level 4. HP: 26/36 MP: 0/8
  1215 | D:4      | Noticed a two-headed ogre
  1513 | Temple   | Became a worshipper of Gozag Ym Sagoz the Greedy
  1645 | D:2      | Killed Terence
  1809 | D:2      | Reached XP level 5. HP: 40/42 MP: 5/10
  1826 | D:2      | Found a burning altar of Makhleb.
  2153 | D:2      | Reached skill level 6 in Necromancy
  2265 | D:2      | Killed Sigmund
  2265 | D:2      | Reached skill level 7 in Necromancy
  2265 | D:2      | Reached XP level 6. HP: 44/49 MP: 0/11
  3438 | D:3      | Reached skill level 1 in Evocations
  3552 | D:5      | Entered Level 5 of the Dungeon
  3576 | D:5      | Noticed a slave
  3576 | D:5      | Noticed a slave
  3576 | D:5      | Noticed a slave
  3576 | D:5      | Noticed a slave
  3576 | D:5      | Noticed an ice beast
  3577 | D:5      | Noticed Pikel
  3682 | D:4      | Found a shadowy altar of Dithmenos.
  3870 | D:5      | Reached skill level 1 in Fighting
  4012 | D:4      | Reached XP level 7. HP: 35/57 MP: 6/12
  4422 | D:4      | Noticed soepske's ghost (amateur DsAK)
  4499 | D:3      | Killed AdmiralAndromeda's ghost
  4620 | D:4      | Killed a two-headed ogre
  4620 | D:4      | Reached skill level 8 in Necromancy
  4620 | D:4      | Reached XP level 8. HP: 19/69 MP: 2/15
  4854 | D:4      | Reached skill level 5 in Evocations
  5037 | D:5      | Reached skill level 1 in Armour
  5037 | D:5      | Reached skill level 5 in Spellcasting
  5600 | D:6      | Found an iron altar of Okawaru.
  5753 | D:6      | Gained mutation: You passively map the area around you. [Deep Dwarf growth]
  5753 | D:6      | Reached XP level 9. HP: 60/75 MP: 3/18
  6005 | D:5      | Found a shattered altar of Ashenzari.
  6041 | D:5      | Noticed Dowan
  6043 | D:5      | Noticed Duvessa
  6125 | D:7      | Found Ybita's Gadget Boutique.
  6228 | D:7      | Found Bomez's Food Shop.
  6269 | D:7      | Noticed Joseph
  6293 | D:7      | Killed Joseph
  6801 | D:5      | Killed Dowan
  6801 | D:5      | Reached skill level 9 in Necromancy
  6803 | D:5      | Killed Duvessa
  7417 | D:8      | Reached skill level 1 in Axes
  7423 | D:8      | Reached XP level 10. HP: 56/84 MP: 9/23
  7425 | D:8      | Noticed a two-headed ogre
  7465 | D:8      | Found a white marble altar of Elyvilon.
  7532 | D:8      | Noticed Maurice
  7555 | D:8      | Killed Maurice
  7634 | D:8      | Found a glowing silver altar of Zin.
  7730 | D:8      | Noticed a two-headed ogre
  7762 | D:8      | Killed a two-headed ogre
  8031 | D:5      | Killed Pikel
  8031 | D:5      | Reached skill level 10 in Necromancy
  8168 | D:8      | Killed a two-headed ogre
  8168 | D:8      | Reached skill level 5 in Armour
  8353 | D:8      | Bought a scroll labeled WOCRES OGIEVAI for 28 gold pieces
  8657 | D:9      | Found a radiant altar of Vehumet.
  8788 | D:9      | Noticed a purple ugly thing
  8808 | D:9      | Killed a purple ugly thing
  8937 | D:9      | Reached skill level 5 in Axes
  9071 | D:9      | Reached XP level 11. HP: 72/91 MP: 10/24
  9124 | D:9      | Found a staircase to the Orcish Mines.
  9342 | D:10     | Entered Level 10 of the Dungeon
  9589 | D:10     | Reached skill level 11 in Necromancy
 10346 | D:11     | Found a staircase to the Lair.
 10484 | D:11     | Found Veaces's Magic Scroll Shop.
 10484 | D:11     | Noticed an ogre mage
 10484 | D:11     | Noticed a two-headed ogre
 10484 | D:11     | Noticed a two-headed ogre
 10484 | D:11     | Noticed a two-headed ogre
 10485 | D:11     | Noticed a two-headed ogre
 10493 | D:11     | Killed an ogre mage
 10519 | D:11     | Killed a two-headed ogre
 10975 | D:11     | Killed a two-headed ogre
 10975 | D:11     | Reached skill level 12 in Necromancy
 11030 | D:11     | Learned a level 3 spell: Dazzling Spray
 11071 | D:11     | Killed a two-headed ogre
 11074 | D:11     | Killed a two-headed ogre
 11087 | D:11     | Reached skill level 5 in Dodging
 11183 | Lair:1   | Entered Level 1 of the Lair of Beasts
 11219 | Lair:1   | Found a labyrinth entrance.
 11232 | Lab      | Entered a labyrinth
 11791 | Lab      | Noticed a minotaur
 11805 | Lab      | Killed a minotaur
 11805 | Lab      | Reached XP level 12. HP: 72/99 MP: 18/25
 11813 | Lab      | Identified the Collected Works on Dislocation
 11823 | Lab      | Got a brightly glowing dagger
 11827 | Lab      | Got an encrusted ring mail
 11841 | Lab      | Identified the +3 ring mail "Qufic" {rPois rF- rCorr} (You found it in a labyrinth)
 11860 | Lab      | Learned a level 2 spell: Shroud of Golubria
 11864 | Lab      | Learned a level 3 spell: Conjure Flame
 11873 | Lab      | Identified the +1 dagger of Ses Vuob {venom, *Noise rN+ Stlth+} (You found it in a labyrinth)
 12033 | Lair:1   | Found a radiant altar of Vehumet.
 12412 | Lair:3   | Reached skill level 13 in Necromancy
 12678 | Lair:5   | Found a dark tunnel.
 12714 | Volcano  | Entered a volcano
 12822 | Volcano  | HP: 1/99 [gargoyle/stone arrow (15)]
 12841 | Volcano  | Killed from afar by a gargoyle

Skill      XL: |  1  2  3  4  5  6  7  8  9 10 11 12 |
---------------+-------------------------------------+-----
Spellcasting   | 2 3 4 6 9 |  9.0
Necromancy     | 5 7 8 9 10 12 13 | 13.0
Evocations     | 2 4 5 6 |  6.6
Fighting       | 1 3 |  3.6
Armour         | 2 3 6 |  6.7
Axes           | 1 5 8 9 |  9.6
Dodging        | 5 |  5.0
Stealth        | |  2.4

Action                   |  1- 3 |  4- 6 |  7- 9 | 10-12 || total
-------------------------+-------+-------+-------+-------++-------
Melee: Short sword       |    21 |    15 |   188 |   159 ||   383
       Whip              |       |       |    18 |    12 ||    30
       Hand axe          |       |       |       |   369 ||   369
Throw: Throwing net      |       |       |       |     1 ||     1
 Cast: Pain              |    25 |   138 |    58 |    35 ||   256
       Vampiric Draining |     3 |     6 |    73 |   174 ||   256
Invok: Call Merchant     |       |       |       |     2 ||     2
Evoke: Wand              |       |     2 |     9 |    18 ||    29
  Use: Potion            |     1 |       |       |     7 ||     8
       Scroll            |       |     3 |     1 |    19 ||    23
 Stab: Sleeping          |       |       |     1 |       ||     1
       Distracted        |       |       |     2 |     2 ||     4
       Paralysed         |       |       |       |    17 ||    17
       Confused          |       |       |       |     1 ||     1
       Invisible         |       |       |       |     9 ||     9
  Eat: Chunk             |     1 |     3 |     2 |     2 ||     8
       Bread ration      |       |     1 |     2 |       ||     3
       Meat ration       |       |     1 |       |       ||     1
       Royal jelly       |       |       |       |     7 ||     7
       Fruit             |       |       |       |     8 ||     8
Armor: Ring mail         |    13 |    24 |   139 |    19 ||   195
       Ice dragon scales |       |       |       |   391 ||   391
       Plate armour      |       |       |       |    22 ||    22
Dodge: Dodged            |    14 |    31 |   166 |   410 ||   621
